 Dungeon Crawl Stone Soup version 0.30-a0-187-gd9c2deaf24 (webtiles) character file.

Game seed: 16931492594851492608

12339 brightshaft the Spear-Bearer (level 11, -2/102 HPs)
             Began as a Minotaur Monk on Oct 3, 2022.
             Was a High Priest of Uskayaw.
             Slain by a manticore (7 damage)
             ... on level 10 of the Dungeon on Oct 6, 2022.
             The game lasted 00:18:59 (7674 turns).

brightshaft the Spear-Bearer (Minotaur Monk)        Turns: 7674, Time: 00:19:00

Health: -2/102     AC: 17    Str: 25    XL:     11   Next: 61%
Magic:  12/12      EV: 17    Int:  7    God:    Uskayaw [*****.]
Gold:   1842       SH:  0    Dex: 14    Spells: 10/10 levels left

rFire   . . .      SeeInvis +    n - +10 spear of Annoyance {distort, SInv}
rCold   . . .      Faith    .    (no shield)
rNeg    . . .      Spirit   .    m - +0 chain mail
rPois   .          Reflect  .    (helmet restricted)
rElec   .          Harm     .    (no cloak)
rCorr   .          Rampage  .    d - +2 pair of gloves
Will    .....                    w - +1 pair of boots
Stlth   ..........               (no amulet)
HPRegen 0.37/turn                A - +6 ring of strength
MPRegen 0.13/turn                E - +4 ring of evasion

@: no status effects
A: horns 2, retaliatory headbutt
a: Renounce Religion, Stomp, Line Pass, Grand Finale


You were on level 10 of the Dungeon.
You worshipped Uskayaw.
Uskayaw was noncommittal.
You visited 1 branch of the dungeon, and saw 10 of its levels.

You collected 1923 gold pieces.
You paid 81 gold pieces to Gozag.

Inventory:

Hand Weapons
 a - a +1 hand axe of draining
 n - the +10 spear of Annoyance (weapon) {distort, SInv}
   (You found it on level 2 of the Dungeon)

   It warps and distorts space around it, and may blink, banish, or inflict
   extra damage upon those it strikes.
   Unwielding it can cause banishment or high damage.
   SInv:      It lets you see invisible.
Missiles
 f - 34 poisoned darts (quivered)
Armour
 d - a +2 pair of gloves (worn)
 m - a +0 chain mail (worn)
 w - a +1 pair of boots (worn)
 x - a scarf of shadows
Jewellery
 b - a ring of protection from fire
 A - a +6 ring of strength (left hand)
 E - a +4 ring of evasion (right hand)
Wands
 p - a wand of roots (7)
 B - a wand of flame (8) {@v2}
Scrolls
 h - 6 scrolls of identify {@r1}
 j - a scroll of teleportation {@r4}
Potions
 c - 4 potions of ambrosia
 g - a potion of haste {unknown}
 i - 2 potions of degeneration {unknown}
 k - 2 potions of curing {@q1}
 l - 2 potions of brilliance {unknown}
 o - a potion of heal wounds {@q2}
 q - 2 potions of magic {unknown}
 r - 2 potions of flight
 s - 3 potions of might
 u - 2 potions of attraction {unknown}
 v - a potion of resistance {unknown}
 z - 2 potions of mutation {unknown}


   Skills:
 + Level 11.3 Fighting
 - Level 4.6(8.8) Axes
 - Level 11.6(12.0) Polearms
 + Level 10.5 Armour
 + Level 10.5 Dodging
 - Level 1.5 Stealth
 + Level 3.0 Invocations


You had 10 spell levels left.
You didn't know any spells.
Your spell library contained the following spells:

 Spells                   Type           Power      Damage    Failure   Level
 Call Canine Familiar     Summ           0%         N/A       100%        3
 Ignite Poison            Fire/Tmut/Pois 0%         N/A       100%        3
 Kindle Blastsparks       Fire/Tloc/Air  0%         2d10      100%        3
 Mephitic Cloud           Conj/Pois/Air  0%         N/A       100%        3
 Portal Projectile        Hex/Tloc       0%         N/A       100%        3
 Leda's Liquefaction      Hex/Erth       0%         N/A       100%        4
 Freezing Cloud           Conj/Ice/Air   0%         6-21      100%        5
 Conjure Ball Lightning   Conj/Air       0%         3x3d6     100%        6
 Discord                  Hex            0%         N/A       100%        8
 Disjunction              Tloc           0%         N/A       100%        8


Dungeon Overview and Level Annotations

Branches:
Dungeon (10/15)            Temple (0/1) D:7            Lair (0/5) D:10
    Orc (0/2) D:9

Altars:
Gozag
Sif Muna
Uskayaw
The Shining One

Shops:
D:3 (

Annotations:
D:8 4 transporters
Abyss:1 Maggie


Innate Abilities, Weirdness & Mutations

You have a pair of horns on your head.
You reflexively headbutt those who attack you in melee.


Message History

You hit the wolf.
You kill the wolf!
You puncture the wraith!
You destroy the wraith!
You feel yourself speed up. The wraith misses you. You furiously retaliate!
You headbutt the wraith!
You destroy the wraith!
Your Invocations skill increases to level 3!
Magic restored.
A troll comes into view.
Gozag incites the troll against you.
The troll shouts!
The troll goes berserk!
You hear a howl!
You are too injured to fight recklessly!
A manticore comes into view.
You see here a wolf corpse.
Found a ring mail.
A wolf comes into view.
The troll misses you. The troll claws you. The troll claws you!
The troll bites you!
* * * LOW HITPOINT WARNING * * *
The troll claws you!
* * * LOW HITPOINT WARNING * * *
The troll barely misses you.
The wolf moves out of view.
You barely miss the troll. Your headbutt misses the troll.
You puncture the troll!
Space warps around the troll.
You headbutt the troll!
The troll is moderately wounded.
The troll closely misses you. You furiously retaliate!
You headbutt the troll! The troll claws you.
* * * LOW HITPOINT WARNING * * *
The troll claws you but does no damage.
You feel much better. The troll bites you!!
* * * LOW HITPOINT WARNING * * *
The troll claws you!
* * * LOW HITPOINT WARNING * * *
The troll claws you but does no damage.
The manticore bites you but does no damage.
The manticore claws you!
You die...

..[.....# ...
........# #..
.......#.##..
...........#.
#...........# ###
............#....
.........HT....#
.......>...@.#
.....#.......# .
..........†..#...
.........).........
...#......)).###....
..............#
.....
.........†....# ....
..>....†.††.### ....
............# ...


You could see a manticore and a troll (berserk, incited).

Vanquished Creatures
  Josephine (D:10)
  2 two-headed ogres (D:8)
  2 death yaks (D:10)
  A manticore (D:9)
  Joseph (D:8)
  A queen bee (shapeshifter) (D:9)
  A shadow (D:6)
  4 wraiths
  15 yaks
  A wyvern (D:8)
  A steam dragon (D:8)
  2 vampire mosquitoes (D:10)
  An orc warrior (D:6)
  An ogre (D:4)
  4 ice beasts
  A wolf (D:10)
  2 centaurs
  3 phantoms
  2 kobold brigands
  5 bullfrogs
  A necrophage (D:8)
  2 scorpions (D:6)
  9 wights
  An electric eel (D:8)
  2 jellies
  5 orc priests
  5 hounds
  A gnoll bouda (D:6)
  Ijyb (D:3)
  2 iguanas
  13 orc wizards
  3 hell rats (D:10)
  10 gnolls
  A river rat (D:10)
  12 adders
  2 white imps
  An ufetubus (D:7)
  A worm (D:2)
  A dart slug (D:1)
  55 orcs
  7 endoplasms
  4 giant cockroaches
  3 goblins
  6 hobgoblins
  20 jackals
  17 kobolds
  6 quokkas
  6 ball pythons
  7 bats
  4 frilled lizards
  2 goblin skeletons (D:8)
  A goblin zombie (D:8)
  3 hobgoblin zombies (D:8)
  2 kobold skeletons (D:8)
  2 kobold zombies (D:8)
  5 rats
274 creatures vanquished.

Vanquished Creatures (others)
  A plant (D:4)
1 creature vanquished.

Grand Total: 275 creatures vanquished

Notes
Turn   | Place    | Note
-------+----------+-------------------------------------------
     0 | D:1      | brightshaft the Minotaur Monk began the quest for the Orb.
     0 | D:1      | Reached XP level 1. HP: 19/19 MP: 0/0
   214 | D:1      | Reached XP level 2. HP: 25/27 MP: 1/1
   459 | D:1      | Found a faded altar of an unknown god.
   560 | D:1      | Prayed at the altar of an unknown god.
   560 | D:1      | Became a worshipper of the Shining One
   560 | D:1      | Reached * piety under the Shining One
   560 | D:1      | Reached ** piety under the Shining One
   613 | D:1      | Reached XP level 3. HP: 33/33 MP: 2/2
  1054 | D:2      | Upgraded the game from 0.30-a0-177-g1cb5dbfd7a to
                  | 0.30-a0-187-gd9c2deaf24
  1067 | D:2      | Reached skill level 1 in Armour
  1220 | D:2      | Identified the +10 spear of Annoyance {distort, SInv}
  1302 | D:2      | Reached XP level 4. HP: 40/40 MP: 3/3
  1387 | D:3      | Found a shimmering blue altar of Sif Muna.
  1394 | D:3      | Reached skill level 1 in Polearms
  1689 | D:3      | Reached XP level 5. HP: 47/47 MP: 4/4
  1719 | D:3      | Noticed Ijyb
  1725 | D:3      | Killed Ijyb
  1797 | D:3      | Found an opulent altar of Gozag.
  1899 | D:3      | Reached *** piety under the Shining One
  2015 | D:3      | Found Ucsugaos's Weapon Emporium.
  2126 | D:4      | Reached XP level 6. HP: 34/55 MP: 5/5
  2135 | D:4      | Reached skill level 5 in Fighting
  2253 | D:3      | Fell from the grace of the Shining One
  2253 | D:3      | Became a worshipper of Gozag Ym Sagoz the Greedy
  2276 | D:4      | Identified the +3 short sword of the Abyss {vorpal, rC+
                  | Will++ rCorr Stlth-}
  2813 | D:4      | Reached XP level 7. HP: 40/61 MP: 6/6
  2824 | D:4      | Reached skill level 5 in Polearms
  2824 | D:4      | Reached skill level 5 in Dodging
  3177 | D:5      | Entered Level 5 of the Dungeon
  3454 | D:5      | Reached XP level 8. HP: 62/70 MP: 7/7
  3938 | D:6      | Reached skill level 5 in Armour
  4201 | D:6      | Reached XP level 9. HP: 79/79 MP: 8/8
  4833 | D:7      | Found a staircase to the Ecumenical Temple.
  5488 | D:8      | Reached skill level 10 in Polearms
  5598 | D:8      | Reached XP level 10. HP: 74/90 MP: 9/9
  5598 | D:8      | Found a glowing golden altar of the Shining One.
  5697 | D:8      | Found a transporter.
  5701 | D:8      | Found a transporter.
  5703 | D:8      | Found a transporter.
  5821 | D:8      | Found a transporter.
  5821 | D:8      | Noticed Joseph
  5830 | D:8      | Killed Joseph
  6477 | D:9      | a rime drake changed into a cane toad
  6477 | D:9      | Noticed a cane toad (shapeshifter)
  6482 | D:9      | Noticed a two-headed ogre
  6503 | D:8      | Killed a two-headed ogre
  6525 | D:9      | a cane toad changed into a queen bee
  6544 | D:9      | Noticed a manticore
  6549 | D:9      | Killed a manticore
  6989 | D:9      | Noticed a two-headed ogre
  7006 | D:8      | Killed a two-headed ogre
  7007 | D:8      | Reached skill level 10 in Fighting
  7055 | D:9      | Reached XP level 11. HP: 88/100 MP: 10/10
  7329 | D:9      | Found a staircase to the Orcish Mines.
  7415 | D:9      | Noticed Maggie
  7424 | D:9      | Banished Maggie
  7503 | D:9      | Found a hide-covered altar of Uskayaw.
  7544 | D:9      | Fell from the grace of Gozag
  7544 | D:9      | Became a worshipper of Uskayaw the Reveller
  7577 | D:10     | Entered Level 10 of the Dungeon
  7580 | D:10     | Reached * piety under Uskayaw
  7583 | D:10     | Reached ** piety under Uskayaw
  7584 | D:10     | Reached *** piety under Uskayaw
  7608 | D:10     | Noticed a death yak
  7615 | D:10     | Noticed a death yak
  7619 | D:10     | Noticed a death yak
  7620 | D:10     | Reached **** piety under Uskayaw
  7623 | D:10     | Reached ***** piety under Uskayaw
  7624 | D:10     | Killed a death yak
  7625 | D:10     | Reached skill level 10 in Dodging
  7625 | D:10     | Reached skill level 1 in Invocations
  7625 | D:10     | Found a staircase to the Lair.
  7626 | D:10     | Banished a death yak
  7627 | D:10     | Reached skill level 10 in Armour
  7630 | D:10     | Noticed Josephine
  7633 | D:10     | Reached ****** piety under Uskayaw
  7645 | D:10     | Killed Josephine
  7652 | D:10     | Killed a death yak
  7674 | D:10     | HP: 5/102 [troll (7)]
  7674 | D:10     | Slain by a manticore

Illustrated notes

Levels and vault maps discovered:
D:1:      dpeg_arrival_concentric_ovals, layout_basic,
          shapermc_ecumenical_altar_notcrosses, minmay_misc_feat_columns,
          hangedman_decor_points
D:2:      layout_rooms
D:3:      layout_basic, nicolae_sif_muna_condensation,
          nicolae_gozag_cash_rules_everything_around_me, serial_shops,
          nicolae_shop_bloodbath_and_beyond, serial_bayou_pond_b, minivault_25,
          uniq_ijyb
D:4:      layout_loops_ring, st_stairs_1, nicolae_zen_rock_garden,
          dreamdust_princess_bridge, minmay_ruptured
D:5:      layout_loops_ring, minmay_misc_feat_rugged
D:6:      layout_loops_ring, minmay_misc_feat_iff, minmay_diced_spiral
D:7:      layout_gridville, minmay_temple_entry_wispy
D:8:      layout_cave_pods, nicolae_tso_besieged_by_evil, minivault_14,
          nicolae_diode_quadrants, uniq_joseph
D:9:      cheibrodos_elevator_heist, layout_cross,
          mainiacjoe_overflow_concentric_impassable, david_orc_2, uniq_maggie
D:10:     layout_cave_pools, dpeg_lair_monsters, minmay_strange_pillars,
          uniq_josephine, uniq_grum

Skill      XL: |  1  2  3  4  5  6  7  8  9 10 11 |
---------------+----------------------------------+-----
Axes           | 4 |  4.6
Fighting       | 4 5 6 7 8 10 11 | 11.3
Armour         | 1 2 3 4 6 7 9 10 | 10.5
Polearms       | 2 3 4 6 8 10 11 | 11.6
Dodging        | 4 5 6 7 9 10 | 10.5
Invocations    | 3 |  3.0
Stealth        | |  1.5

Action                   |  1- 3 |  4- 6 |  7- 9 | 10-12 || total
-------------------------+-------+-------+-------+-------++-------
Melee: Hand axe          |    67 |       |       |       ||    67
       Headbutt          |    15 |     7 |    13 |    33 ||    68
       Spear             |     3 |    89 |   199 |   224 ||   515
       Punch             |       |       |     3 |       ||     3
Throw: Dart              |       |       |       |     5 ||     5
  Use: Scroll            |       |       |    15 |     2 ||    17
       Potion            |       |       |       |     1 ||     1
 Stab: Sleeping          |     6 |       |       |       ||     6
       Distracted        |       |     1 |     1 |       ||     2
       Paralysed         |       |       |       |     3 ||     3
Armor: Robe              |    19 |       |       |       ||    19
       Chain mail        |     1 |    26 |    28 |    39 ||    94
Dodge: Dodged            |    37 |    33 |    38 |    74 ||   182

Table legend: (Time is in decaauts)
 A = Elapsed time spent in this place.
 B = Non-inter-level travel time spent in this place.
 C = Inter-level travel time spent in this place.
 D = Time resting spent in this place.
 E = Time spent auto-exploring this place.
 F = Levels seen in this place.
 G = Mean time per level.
                   A        B        C        D        E       F      G
               +--------+--------+--------+--------+--------+-----+--------+
         Total |   7506 |   7226 |    280 |      0 |   5959 |  10 |  750.6 |
       Dungeon |   7506 |   7226 |    280 |      0 |   5959 |  10 |  750.6 |
               +--------+--------+--------+--------+--------+-----+--------+

Top non-repeatable levels by time:
     D:8: 1216 daAuts
     D:4: 966 daAuts
     D:1: 955 daAuts
     D:3: 815 daAuts
     D:6: 814 daAuts
     D:9: 774 daAuts
     D:5: 739 daAuts
     D:7: 715 daAuts
     D:2: 436 daAuts
    D:10: 72 daAuts
